 Dungeon Crawl Stone Soup version 0.17-a0-1404-gb8113a6 (webtiles) character file.

11006 redakteur the Nimble (level 11, 0/97 HPs)
             Began as a Yellow Draconian Berserker on June 21, 2015.
             Was a High Priest of Trog.
             Slain by an orc warlord
             ... wielding a +0 battleaxe of flaming
              (24 damage)
             ... on level 3 of the Orcish Mines on June 22, 2015.
             The game lasted 01:03:41 (18845 turns).

redakteur the Nimble (Yellow Draconian Berserker)  Turns: 18845, Time: 01:03:41

Health: 0/97       AC: 10    Str: 23    XL:     11   Next: 43%
Magic:  11/11      EV: 17    Int:  7    God:    Trog [*****.]
Gold:   856        SH:  0    Dex: 11    Spells: 0 memorised, 10 levels left

rFire  . . .     SeeInvis .     p - +4 glaive (venom)
rCold  . . .     Clarity  .     (armour unavailable)
rNeg   + . .     SustAt   .     (no shield)
rPois  .         Gourm    .     (helmet restricted)
rElec  .         Spirit   .     (no cloak)
rCorr  +         Warding  +     (no gloves)
rMut   .         Stasis   .     H - +2 pair of boots
MR     +++..                    g - amulet of warding
Stlth  +++.......               K - ring of invisibility
                                T - ring of protection from magic

@: regenerating, extremely resistant to hostile enchantments, fairly stealthy
A: spit acid, acid resistance, unfitting armour, cold-blooded, AC +7
a: Spit Acid, Burn Spellbooks, Berserk, Trog's Hand, Brothers in Arms, Renounce
Religion, Evoke Invisibility


You were on level 3 of the Orcish Mines.
You worshipped Trog.
Trog was extremely pleased with you.
You were hungry.

You visited 4 branches of the dungeon, and saw 15 of its levels.
You also visited: Sewer.

You collected 856 gold pieces.

Inventory:

Hand weapons
 k - a +0 short sword of holy wrath
 m - a +2 war axe of electrocution
 n - the +4 spear "Orb Guardian's Bane" {pierce, rPois}
   (You found it on level 4 of the Dungeon)

   It inflicts extra damage upon your enemies.
   It protects you from poison.
 p - a +4 glaive of venom (weapon)
 G - a +2 halberd of freezing
 N - a +0 blowgun
 S - a +2 trident of protection
Missiles
 b - 5 curare-tipped needles
 l - 51 bolts
 P - 39 poisoned needles
Armour
 H - a +2 pair of boots (worn)
Jewellery
 g - an amulet of warding (around neck)
 B - an uncursed amulet of warding
 D - an uncursed ring of flight {unknown}
 K - a ring of invisibility (right hand)
 Q - an uncursed ring of sustain attributes
 T - a ring of protection from magic (left hand)
Magical devices
 I - a wand of disintegration (13)
 Y - a wand of confusion (16)
Scrolls
 d - 7 scrolls of identify
 f - 6 scrolls of remove curse
 j - a scroll of enchant armour {unknown}
 r - 3 scrolls of amnesia {unknown}
 v - a scroll of random uselessness {unknown}
 w - a scroll of recharging
 x - a scroll of silence {unknown}
 y - a scroll of noise {unknown}
 C - 2 scrolls of fog {unknown}
 E - 2 scrolls of immolation {unknown}
 F - 4 scrolls of teleportation {unknown}
 M - a scroll of summoning {unknown}
 O - a scroll of acquirement {unknown}
 R - a scroll of magic mapping
 X - 4 scrolls of enchant weapon
Potions
 c - a potion of magic {unknown}
 e - 2 potions of flight
 h - a potion of invisibility
 s - 3 potions of brilliance {unknown}
 u - 2 potions of haste
 A - a potion of agility {unknown}
 J - a potion of lignification {unknown}
 U - a potion of poison
Books
 i - a Grand Grimoire {highlevel, unknown}

   This book is beyond your current level of understanding.

   Spells                             Type                      Level
   a - Monstrous Menagerie            Summoning                    6
   b - Summon Greater Demon           Summoning                    7
   c - Malign Gateway                 Summoning/Translocation      7
   d - Summon Horrible Things         Summoning                    8
   Trog disapproves of the use of such an item.
Comestibles
 a - 4 chunks of flesh
 L - 2 bread rations


   Skills:
 + Level 9.0 Fighting
   Level 3.1 Long Blades
 + Level 3.8(6.1) Axes
 + Level 7.6(8.0) Polearms
 + Level 12.0 Dodging
 + Level 5.3 Stealth


You had 10 spell levels left.
You didn't know any spells.

Dungeon Overview and Level Annotations

Branches:
Dungeon (9/15)             Temple (1/1) D:7            Lair (1/8) D:8
    Orc (4/4) D:9
    Elf: Orc:3-4

Altars:
Ashenzari
Cheibriados
Dithmenos
Elyvilon
Fedhas
Gozag
Kikubaaqudgha
Makhleb
Nemelex Xobeh
Okawaru
Qazlal
Ru
Sif Muna
Trog
Vehumet
Xom
Yredelemnul
Zin
The Shining One
Beogh

Shops:
D:5 :   Orc:2 (

Annotations:
D:3 Jessica


Innate Abilities, Weirdness & Mutations

You can spit globs of acid.
You are resistant to acid.
Your golden yellow scales are hard (AC +7).
Your body does not fit into most forms of armour.
You are cold-blooded and may be slowed by cold attacks.


Message History

The orc warlord burns you!
The orc wizard points at you and mumbles some strange words.
You resist with almost no effort.
You completely miss the orc warlord.
The orc warlord is lightly wounded.
The orc warlord hits you with a battleaxe of flaming.
The orc warlord burns you.
You slash the orc warlord!
The orc warlord looks even sicker.
The orc warlord is lightly wounded.
The orc warlord hits you with a battleaxe of flaming!!
* * * LOW HITPOINT WARNING * * *
The orc warlord burns you.
* * * LOW HITPOINT WARNING * * *
The orc misses you. The orc wizard completely misses you.
Use which ability? (? or * to list)
Okay, then.
Drink which item? (? for menu, Esc to quit)
You feel better.
The orc warlord hits you with a battleaxe of flaming!!
You die...

##.......).......<..#....# #..
#.......).>...##........######.
##.....>......#.........###.###
##............###.#.......#...##
#....####......#####.#...###.##
##..## #......## ##.....####.##
#...####......###.#....#.#...##
##.###........o#o...........#.#
##.#.....#...@o#..............
#...#........o###.#....#.....#
#..)#....##.....###..........#
##........#..).........<....##
##.............<.[)........####
##......#[[.....##[)..........#.
#...._..##.......##)[...........
##......#.......###.............
#.......##.......#).............


You could see an orc warlord, an orc wizard and 2 orcs.

Vanquished Creatures
  An orc high priest (Orc:3)
  A hill giant (D:5)
  An orc sorcerer (Orc:3)
  Joseph (D:7)
  A fire drake (D:8)
  5 trolls
  2 hungry ghosts
  A hippogriff (D:9)
  2 wargs
  Duvessa (D:7)
  3 ice beasts
  3 phantoms
  9 orc warriors
  3 ogres
  4 centaurs
  2 big kobolds
  5 giant frogs
  15 jellies (D:5)
  Dowan (D:7)
  4 scorpions
  10 killer bees
  2 crimson imps
  2 giant frog skeletons
  A centaur zombie (D:8)
  13 orc priests
  2 giant frog zombies (D:5)
  9 hounds
  11 orc wizards
  7 worker ants
  2 iguanas
  2 hound skeletons
  A worker ant zombie (D:7)
  9 adders
  A river rat (Sewer)
  A shadow imp (D:5)
  3 oozes
  An adder skeleton (D:3)
  6 worms
  5 giant geckos
  101 orcs
  2 bat zombies (D:3)
  30 hobgoblins
  16 jackals
  9 quokkas
  18 bats
  9 giant cockroaches
  A giant cockroach zombie (D:3)
  7 giant newts
  15 goblins
  31 kobolds
  19 rats
  3 butterflies (D:7)
  A plant (D:3)
415 creatures vanquished.

Vanquished Creatures (collateral kills)
  A stone giant (Orc:4)
  2 orc knights (Orc:3)
  7 orc warriors (Orc:3)
  An orc priest (Orc:3)
  2 orc wizards (Orc:3)
  10 orcs (Orc:3)
  A goblin (Orc:4)
24 creatures vanquished.

Grand Total: 439 creatures vanquished

Notes
Turn   | Place    | Note
--------------------------------------------------------------
     0 | D:1      | redakteur the Draconian Berserker began the quest for the Orb.
     0 | D:1      | Reached XP level 1. HP: 19/19 MP: 1/1
  1538 | D:1      | Reached XP level 2. HP: 26/26 MP: 2/2
  2292 | D:1      | Reached XP level 3. HP: 26/33 MP: 3/3
  2406 | D:2      | Reached skill level 1 in Stealth
  2727 | D:2      | Acquired Trog's second power
  3574 | D:2      | Reached skill level 4 in Fighting
  3576 | D:2      | Found a snail-covered altar of Cheibriados.
  3760 | D:2      | Reached XP level 4. HP: 40/40 MP: 4/4
  3992 | D:2      | Found a blossoming altar of Fedhas.
  4816 | D:3      | Noticed Jessica
  4959 | D:3      | Reached XP level 5. HP: 46/46 MP: 5/5
  5406 | D:3      | Reached skill level 1 in Long Blades
  6125 | D:4      | Reached skill level 1 in Polearms
  6132 | D:4      | Reached XP level 6. HP: 33/53 MP: 6/6
  6156 | D:4      | Noticed a moth of wrath
  6161 | D:4      | Found a bloodstained altar of Trog.
  6322 | D:4      | Found a glowing drain.
  6380 | D:4      | Reached skill level 5 in Dodging
  6387 | Sewer    | Entered a sewer
  6513 | Sewer    | Found a glowing silver altar of Zin.
  6713 | D:4      | Your scales start taking on a golden yellow colour.
  6713 | D:4      | Reached XP level 7. HP: 53/60 MP: 7/7
  6945 | D:4      | Reached skill level 5 in Fighting
  7164 | D:4      | Noticed an ogre
  7171 | D:4      | Killed an ogre
  7709 | D:4      | Acquired Trog's third power
  7845 | D:4      | Got a faintly glowing spear
  7848 | D:4      | Identified the +4 spear "Orb Guardian's Bane" {pierce, rPois} (You found it on level 4 of the Dungeon)
  7897 | D:4      | Reached skill level 6 in Dodging
  8045 | D:5      | Entered Level 5 of the Dungeon
  8268 | D:5      | Found Kionel Saos's Book Boutique.
  8440 | D:5      | Reached XP level 8. HP: 57/69 MP: 8/8
  9084 | D:5      | Noticed a hill giant
  9101 | D:5      | Killed a hill giant
  9101 | D:5      | Reached skill level 7 in Dodging
  9615 | D:5      | Reached XP level 9. HP: 56/78 MP: 9/9
  9626 | D:5      | Reached skill level 8 in Dodging
 10967 | D:7      | Found a staircase to the Ecumenical Temple.
 11023 | Temple   | Entered the Ecumenical Temple
 11164 | D:7      | Reached skill level 9 in Dodging
 11261 | D:7      | Noticed Dowan
 11264 | D:7      | Noticed Duvessa
 11285 | D:7      | Killed Dowan
 11488 | D:7      | Killed Duvessa
 11488 | D:7      | Reached skill level 5 in Polearms
 11565 | D:7      | Noticed Joseph
 11598 | D:7      | Killed Joseph
 11844 | D:7      | Reached XP level 10. HP: 86/86 MP: 10/10
 12345 | D:8      | Reached skill level 10 in Dodging
 12685 | D:8      | Found a shadowy altar of Dithmenos.
 12686 | D:8      | Found a radiant altar of Vehumet.
 12721 | D:8      | Found a staircase to the Lair.
 12745 | D:8      | Received a gift from Trog
 12745 | D:8      | Reached skill level 5 in Stealth
 12798 | Lair:1   | Entered Level 1 of the Lair of Beasts
 14114 | D:9      | Found a sparkling altar of Nemelex Xobeh.
 14115 | D:9      | Found an opulent altar of Gozag.
 14325 | D:9      | Found a sacrificial altar of Ru.
 14381 | D:9      | Found an ancient bone altar of Kikubaaqudgha.
 14486 | D:9      | Found a shimmering altar of Xom.
 14487 | D:9      | Found a burning altar of Makhleb.
 15124 | D:9      | Found a staircase to the Orcish Mines.
 15155 | D:9      | Reached skill level 11 in Dodging
 15577 | Orc:1    | Entered Level 1 of the Orcish Mines
 16198 | Orc:2    | Found Yshadeli's Weapon Shoppe.
 16198 | Orc:2    | Found a roughly hewn altar of Beogh.
 16431 | Orc:2    | Received a gift from Trog
 16997 | Orc:3    | Found a roughly hewn altar of Beogh.
 17029 | Orc:3    | Noticed an orc knight
 17061 | Orc:3    | Killed an orc knight
 17063 | Orc:3    | Reached XP level 11. HP: 38/94 MP: 11/11
 17366 | Orc:3    | Noticed an orc knight
 17383 | Orc:3    | Killed an orc knight
 17594 | Orc:3    | Noticed an orc sorcerer
 17620 | Orc:3    | Killed an orc sorcerer
 17691 | Orc:3    | Noticed an orc high priest
 17701 | Orc:3    | Killed an orc high priest
 17749 | Orc:4    | Entered Level 4 of the Orcish Mines
 17752 | Orc:3    | Received a gift from Trog
 18402 | Orc:4    | Noticed a stone giant
 18408 | Orc:4    | Received a gift from Trog
 18423 | Orc:4    | Killed a stone giant
 18449 | Orc:4    | Noticed an orc high priest
 18458 | Orc:4    | Noticed a sun demon
 18458 | Orc:4    | Noticed an ice devil
 18831 | Orc:3    | Noticed an orc warlord
 18836 | Orc:3    | Reached skill level 12 in Dodging
 18845 | Orc:3    | Slain by an orc warlord

Vault maps used:
D:1:      dpeg_arrival_line_fractal
D:2:      old_standard_altar, cheibriados_altar_1
D:3:      serial_undead, serial_undead_e, serial_undead_e, serial_undead_a,
          serial_undead_f, serial_undead_a, serial_undead_a, first_bread,
          uniq_jessica
D:4:      tgw_trog, gup_sewer_entry_glass
D:5:      serial_shops, kennysheep_mini_moat
D:7:      minmay_temple_entry_butterflies, uniq_pikel, uniq_joseph, uniq_duvessa
D:8:      gammafunk_temple_overflow_wave, minmay_lair_entry_lava
D:9:      grunt_temple_overflow_champion_of_chaos,
          grunt_temple_overflow_opulence, nicolae_overflow_hidden_temple,
          lemuel_round_altar, david_orc_3
Temple:   temple_eino_lava_8
Lair:1:   serial_bayou_shore_b, grunt_megastairs_1
Orc:2:    serial_shops, shop, portal_ice_cave_entry_pillars_03, mines2_david
Orc:3:    basic_altar, nicolae_orc_pool_cavern
Orc:4:    pubby_orc_utopia
Sewer:    sewer_kobolds

Action                   |  1- 3 |  4- 6 |  7- 9 | 10-12 || total
-------------------------+-------+-------+-------+-------++-------
Melee: Hand axe          |   153 |    45 |       |       ||   198
       Great sword       |       |    75 |       |       ||    75
       Trident           |       |   148 |       |       ||   148
       Long sword        |       |    37 |    49 |       ||    86
       Spear             |       |       |   426 |   489 ||   915
       War axe           |       |       |     5 |       ||     5
       Glaive            |       |       |       |   151 ||   151
Invok: Berserk           |     2 |     2 |     5 |     4 ||    13
       Trog's Hand       |       |       |       |     8 ||     8
       Brothers in Arms  |       |       |       |     5 ||     5
 Abil: Spit Acid         |       |       |     5 |     5 ||    10
  Use: Potion            |     1 |     1 |     9 |     4 ||    15
       Scroll            |       |       |       |     9 ||     9
 Stab: Sleeping          |     2 |     1 |    10 |     2 ||    15
       Distracted        |       |       |     1 |     1 ||     2
  Eat: Bread ration      |     2 |     3 |     1 |     1 ||     7
       Beef jerky        |     1 |       |       |       ||     1
       Chunk             |       |     2 |     4 |     7 ||    13
       Meat ration       |       |       |     2 |     3 ||     5
       Fruit             |       |       |     3 |     2 ||     5
       Pizza             |       |       |     1 |     1 ||     2
